 Dungeon Crawl Stone Soup version 0.24.0-1-gfbc8707122 (webtiles) character file.

Game seed: 13286419990015695442, levelgen mode: deterministic

8 Fingolfin the Grave Robber (level 2, 0/22 HPs)
             Began as a Formicid Necromancer on Oct 29, 2019.
             Slain by a rat (3 damage)
             ... on level 1 of the Dungeon.
             The game lasted 00:01:15 (424 turns).

Fingolfin the Grave Robber (Formicid Necromancer)    Turns: 424, Time: 00:01:15

Health: 0/22       AC:  5    Str: 12    XL:     2   Next: 15%
Magic:  4/5        EV: 10    Int: 14    God:
Gold:   7          SH:  0    Dex: 11    Spells: 4/5 levels left

rFire    . . .     SeeInvis +   b - +0 dagger
rCold    . . .     Gourm    .   (no shield)
rNeg     . . .     Faith    .   f - +0 ring mail
rPois    .         Spirit   .   (helmet unavailable)
rElec    .         Reflect  .   (no cloak)
rCorr    .         Harm     .   (no gloves)
MR       .....                  (no boots)
Stlth    +.........             (no amulet)
HPRegen  0.07/turn              (no ring)
MPRegen  0.09/turn              (no ring)

@: no status effects
A: permanent stasis, dig shafts and tunnels, four strong arms, antennae 3
a: Dig, Shaft Self


You were on level 1 of the Dungeon.
You were not hungry.

You visited 1 branch of the dungeon, and saw 1 of its levels.

You collected 7 gold pieces.

Inventory:

Hand Weapons
 b - a +0 dagger (weapon)
Armour
 a - a +0 robe
 f - a +0 ring mail (worn)
Scrolls
 g - a scroll of identify {unknown}
Potions
 d - a potion of heal wounds {unknown}
 e - a potion of mutation {unknown}
Comestibles
 c - 2 rations


   Skills:
 + Level 1.9 Fighting
 - Level 1.7 Dodging
 - Level 2.4 Stealth
 - Level 2.1 Spellcasting
 - Level 4.0 Necromancy


You had 4 spell levels left.
You knew the following spells:

 Your Spells              Type           Power        Failure   Level  Hunger
a - Pain                  Necr           ##..         11%         1    #......

Your spell library contained the following spells:

 Spells                   Type           Power        Failure   Level  Hunger
 Animate Skeleton         Necr           N/A          11%         1    #......
 Vampiric Draining        Necr           ##........   30%         3    ###....
 Regeneration             Chrm/Necr      #.........   56%         3    ###....
 Animate Dead             Necr           N/A          71%         4    #####..


Dungeon Overview and Level Annotations

Branches:
Dungeon (1/15)

Altars:


Innate Abilities, Weirdness & Mutations

You cannot be hasted, slowed, berserked, paralysed or teleported.
You can dig through walls and to a lower floor.
Your four strong arms can wield two-handed weapons with a shield.
You have a pair of large antennae on your head. (SInv)


Message History

Aiming: Pain (safe; 11% risk of failure)
Press: ? - help, Shift-Dir - straight line, f/p - leopard gecko
Aim: a leopard gecko (lightly wounded, clinging, chance to defeat MR: 82%)
Okay, then.
You hit the leopard gecko.
The leopard gecko is moderately wounded.
The leopard gecko misses you.
You hit the leopard gecko.
You kill the leopard gecko!
You hit the rat.
The rat is moderately wounded.
The rat bites you.
* * * LOW HITPOINT WARNING * * *
You closely miss the rat.
The rat is moderately wounded.
The rat barely misses you.
You completely miss the rat.
The rat is moderately wounded.
The rat bites you.
You die...

.. .#.....#.... ...
...##....#.. ..###.###..##.#
.........%##.# #......).##.#
..####### ####...........#
#.......## ...............#
#######..## #...........#####
#......#####
#..........gr@..###.##.#......
#...........###........###....
#........#..##.....##.........
#........#.......########..###
####..##.#...##### ##.## #
#...##.....# ###..# #
#.#........# ####...####
#.#....##.## ...........#
........ ... ##########.#


You could see a goblin and a rat.

Vanquished Creatures
  A leopard gecko (D:1)
  A goblin (D:1)
  A hobgoblin (D:1)
  A kobold (D:1)
  A bat (D:1)
  A frilled lizard (D:1)
  A rat (D:1)
7 creatures vanquished.

Notes
Turn   | Place    | Note
-------+----------+-------------------------------------------
     0 | D:1      | Fingolfin the Formicid Necromancer began the quest for the
                  | Orb.
     0 | D:1      | Reached XP level 1. HP: 13/13 MP: 3/3
   223 | D:1      | Reached skill level 1 in Fighting
   369 | D:1      | Reached XP level 2. HP: 21/21 MP: 3/5
   424 | D:1      | Slain by a rat

Levels and vault maps discovered:
D:1:      eino_arrival_cavern_e, layout_rooms

Skill      XL: |  1 |
---------------+----+-----
Fighting       | 1 |  1.9
Dodging        | |  1.7
Stealth        | |  2.4
Spellcasting   | |  2.1
Necromancy     | |  4.0

Action                   || total
-------------------------++-------
Melee: Unarmed           ||    15
       Dagger            ||    13
 Cast: Pain              ||    10
Armor: Robe              ||     3
       Ring mail         ||     2
Dodge: Dodged            ||    14
